 Dungeon Crawl Stone Soup version 0.21.1-1-g345015f (webtiles) character file.

725 Monsterracer the Insei (level 7, -5/54 HPs)
             Began as an Octopode Transmuter on Feb 6, 2018.
             Was a Believer of Dithmenos.
             Slain by a wraith (8 damage)
             ... on level 4 of the Dungeon.
             The game lasted 00:11:46 (7117 turns).

Monsterracer the Insei (Octopode Transmuter)        Turns: 7117, Time: 00:11:47

Health: -5/54      AC:  5    Str:  9    XL:     7   Next: 71%
Magic:  10/10      EV: 11    Int: 17    God:    Dithmenos [**....]
Gold:   382        SH:  0    Dex: 13    Spells: 0/10 levels left

rFire    x . .     SeeInvis .     - Unarmed
rCold    + + +     Gourm    .   (shield currently unavailable)
rNeg     . . .     Faith    .   (helmet currently unavailable)
rPois    +         Spirit   .   (no amulet)
rElec    .         Reflect  .   (no ring)
rCorr    .         Harm     .   (no ring)
MR       .....                  (no ring)
Stlth    +++.......             (no ring)
HPRegen  0.18/turn              (no ring)
MPRegen  0.12/turn              (no ring)
                                (no ring)
                                (no ring)

@: ice-form (expiring), slowed, wreathed by umbra, very slow
A: large, almost no armour, stealthy swim, amphibious, 8 rings, (constrict 8)
a: End Transformation, Shadow Step, Renounce Religion


You were on level 4 of the Dungeon.
You worshipped Dithmenos.
Dithmenos was pleased with you.
You were hungry.
You were a creature of crystalline ice.
You visited 1 branch of the dungeon, and saw 5 of its levels.

You collected 382 gold pieces.

Inventory:

Hand Weapons
 b - a +2 dagger of freezing
 w - a +1 dagger of venom
Missiles
 a - 84 arrows
Wands
 j - a wand of polymorph (9)
Scrolls
 e - 6 scrolls of remove curse
 g - a scroll of teleportation
Potions
 d - 2 potions of flight
 h - a potion of might {unknown}
 i - a potion of resistance {unknown}
 k - a potion of haste
 l - 2 potions of brilliance
Books
 o - a book of Cantrips

   Spells                             Type                      Level
   a - Confusing Touch                Hexes                        1
   b - Animate Skeleton               Necromancy                   1
   c - Summon Small Mammal            Summoning                    1
   d - Apportation                    Translocation                1
Comestibles
 c - 8 rations


   Skills:
 - Level 2.9 Fighting
 - Level 3.4 Dodging
 - Level 3.7 Stealth
 - Level 5.1 Unarmed Combat
 - Level 2.0 Spellcasting
 + Level 4.3 Transmutations
 + Level 2.7 Ice Magic


You couldn't memorise any spells.
You knew the following spells:

 Your Spells              Type           Power        Failure   Level  Hunger
a - Ice Form              Ice/Tmut       ##......     41%         4    #####..
b - Sticks to Snakes      Tmut           ###.....     4%          2    ###....
c - Spider Form           Tmut/Pois      #.........   24%         3    ###....
r - Beastly Appendage     Tmut           ###...       3%          1    #......


Dungeon Overview and Level Annotations

Branches:
Dungeon (5/15)             Temple (0/1) D:4

Altars:
Dithmenos
Fedhas
Gozag
Trog
Yredelemnul

Shops:
D:4 =   D:5 !

Annotations:
D:4 Monsterracer's ghost, amateur FeMo


Innate Abilities, Weirdness & Mutations

You cannot wear most types of armour.
You are very stealthy in the water. (Stealth+)
You are amphibious.
You can wear up to eight rings at the same time.
((You can use your tentacles to constrict eight enemies at once.))
((Your skin changes colour to match your surroundings (Stealth+).))
((Your rubbery body absorbs attacks. (AC +1, EV +1)))


Message History

Confirm with . or Enter, or press ? or * to list all spells.
You turn into a creature of crystalline ice.
You now have 54/54 hp.
You hit the orc but do no damage. The orc completely misses you.
You barely miss the orc. The orc hits you but does no damage.
You punch the orc! You freeze the orc.
You kill the orc!
Dithmenos accepts your kill.
You hit the orc. You freeze the orc.
The orc is moderately wounded.
The orc hits you with a morningstar!
You take 7 damage, and have 47/54 hp.
You punch the orc! You freeze the orc.
You kill the orc!
Dithmenos accepts your kill.
You punch the orc wizard! You freeze the orc wizard.
The orc wizard is severely wounded.
The orc wizard closely misses you.
You punch the orc wizard! You freeze the orc wizard.
You kill the orc wizard!
Dithmenos accepts your kill.
You punch the wraith!
The wraith is moderately damaged.
The wraith hits you! The wraith drains your vigour!
You feel yourself slow down.
You take 15 damage, and have 33/54 hp.
MASSIVE DAMAGE!!
The wraith hits you!
* * * LOW HITPOINT WARNING * * *
You take 13 damage, and have 20/54 hp.
MASSIVE DAMAGE!!
The orc priest invokes the aid of Beogh against you.
Beogh smites you!
* * * LOW HITPOINT WARNING * * *
You take 14 damage, and have 6/54 hp.
MASSIVE DAMAGE!!
The wraith hits you but does no damage.
There is an open door here.
You feel much better.
The orc priest hits you from afar with a trident.
The wraith hits you. The wraith drains your vigour!
You feel as though you will be slow longer.
The orc priest hits you but does no damage.
You regained 24 hp, and now have 30/54 hp.
The wraith hits you but does no damage. The orc priest misses you.
The wraith barely misses you. The wraith hits you!
* * * LOW HITPOINT WARNING * * *
The wraith drains your vigour!
You feel as though you will be slow longer.
There is a stone staircase leading up here.
You take 8 damage, and have 23/54 hp.
The orc priest hits you from afar with a trident.
* * * LOW HITPOINT WARNING * * *
The wraith hits you!
* * * LOW HITPOINT WARNING * * *
The orc priest hits you from afar with a trident.
* * * LOW HITPOINT WARNING * * *
You climb upwards.
Level annotation: Monsterracer's ghost, amateur FeMo
There is a stone staircase leading down here.
You take 13 damage, and have 10/54 hp.
MASSIVE DAMAGE!!
You feel much better. The wraith hits you.
* * * LOW HITPOINT WARNING * * *
The wraith hits you!
* * * LOW HITPOINT WARNING * * *
The wraith drains your vigour!
You feel as though you will be slow longer.
You regained 4 hp, and now have 14/54 hp.
You hit the wraith. You freeze the wraith.
The wraith is heavily damaged.
The wraith closely misses you.
You hit the wraith but do no damage.
The wraith is heavily damaged.
The wraith hits you!
* * * LOW HITPOINT WARNING * * *
The wraith drains your vigour!
You feel as though you will be slow longer.
You take 8 damage, and have 7/54 hp.
You hit the wraith.
The wraith is heavily damaged.
The wraith hits you.
* * * LOW HITPOINT WARNING * * *
The wraith barely misses you.
You take 1 damage, and have 6/54 hp.
You hit the wraith but do no damage.
The wraith is heavily damaged.
The wraith closely misses you.
You hit the wraith but do no damage.
The wraith is heavily damaged.
The wraith hits you.
* * * LOW HITPOINT WARNING * * *
The wraith drains your vigour!
You feel as though you will be slow longer.
You take 3 damage, and have 3/54 hp.
MP restored: 10
Okay, then.
You hit the wraith. You freeze the wraith.
The wraith is heavily damaged.
Your transformation is almost over.
The wraith hits you!
You die...

*,* *,,,,[* *,***,**,**
*,,,,,**,* *##*******
***,****,* #..,,,,,,*
*,,,,,,* #.#*,#*,,*
*,***,,***##.##.#*,,*
*,***,,,,,,....,**,,*
**,,,*,,*####.##***,,*
*,,,,,,,*#.Y...####..*
*,,,,,,,*#.W.........*
*,,*,**,*#.....##.##***
*,,,,**,*#......#,,,,,*
*,*,***,*#..###'###**,*
*,,,,,,,##.##.....###,*
***,*,,,....#.#'#.#(#,*
**.#,####..'.#>#.'.#,*
*,[.....#.##.###.#.#,*


You could see a wraith.

Vanquished Creatures
  A phantom (D:3)
  A centaur (D:5)
  A bullfrog (D:4)
  A crimson imp (D:5)
  An orc wizard (D:5)
  2 hounds (D:4)
  A centaur skeleton (D:4)
  6 worker ants
  A worker ant zombie (D:5)
  8 adders
  A howler monkey skeleton (D:3)
  3 oozes
  3 worms
  3 leopard geckos
  8 orcs
  5 bats
  3 giant cockroaches
  6 goblins
  6 hobgoblins
  6 jackals
  2 quokkas
  7 frilled lizards
  9 kobolds
  15 rats
  A spectral orc (D:3)
101 creatures vanquished.

Vanquished Creatures (collateral kills)
  A kobold (D:1)
1 creature vanquished.

Grand Total: 102 creatures vanquished

Notes
Turn   | Place    | Note
-------+----------+-------------------------------------------
     0 | D:1      | Monsterracer the Octopode Transmuter began the quest for the Orb.
     0 | D:1      | Reached XP level 1. HP: 13/13 MP: 3/3
   141 | D:1      | HP: 4/13 [leopard gecko (3)]
   375 | D:1      | HP: 4/13 [frilled lizard (3)]
   385 | D:1      | Reached XP level 2. HP: 5/18 MP: 3/5
   389 | D:1      | Learned a level 2 spell: Sticks to Snakes
   639 | D:1      | Reached skill level 1 in Stealth
  1566 | D:2      | HP: 8/18 [adder (3)]
  1568 | D:2      | Reached XP level 3. HP: 7/23 MP: 6/6
  1572 | D:2      | HP: 5/23 [poisoned by an adder]
  1573 | D:2      | Learned a level 3 spell: Spider Form
  1977 | D:2      | HP: 10/23 [hobgoblin/club (3)]
  1977 | D:2      | HP: 1/23 [worm (9)]
  2451 | D:2      | HP: 11/24 [adder (3)]
  2453 | D:2      | Reached XP level 4. HP: 8/29 MP: 0/7
  2732 | D:2      | Reached skill level 4 in Unarmed Combat
  2950 | D:2      | Found a shadowy altar of Dithmenos.
  2960 | D:2      | Became a worshipper of Dithmenos the Shadowed
  3003 | D:2      | Reached XP level 5. HP: 21/34 MP: 8/8
  3313 | D:3      | Noticed a phantom
  3673 | D:3      | HP: 15/34 [howler monkey skeleton (4)]
  4414 | D:3      | Killed a phantom
  4414 | D:3      | Reached XP level 6. HP: 25/41 MP: 3/9
  4798 | D:3      | Found a basalt altar of Yredelemnul.
  4817 | D:4      | Noticed Monsterracer's ghost (amateur FeMo)
  4868 | D:4      | Found a blossoming altar of Fedhas.
  4873 | D:4      | Reached * piety under Dithmenos
  5243 | D:4      | Noticed a moth of wrath
  5246 | D:4      | Found a bloodstained altar of Trog.
  5328 | D:4      | Found an opulent altar of Gozag.
  5564 | D:4      | Reached skill level 5 in Unarmed Combat
  5594 | D:4      | Reached XP level 7. HP: 31/45 MP: 10/10
  5601 | D:4      | Learned a level 4 spell: Ice Form
  5733 | D:4      | Found a staircase to the Ecumenical Temple.
  5767 | D:4      | Found Zepad's Jewellery Emporium.
  5798 | D:4      | HP: 18/45 [worker ant (5)]
  5801 | D:4      | Reached skill level 1 in Ice Magic
  5803 | D:4      | HP: 13/45 [poisoned by a worker ant]
  5808 | D:4      | HP: 6/45 [poisoned by a worker ant]
  6167 | D:4      | Reached ** piety under Dithmenos
  6268 | D:4      | HP: 16/45 [Monsterracer's ghost (13)]
  6285 | D:4      | HP: 6/45 [Monsterracer's ghost (13)]
  6545 | D:4      | Found a blossoming altar of Fedhas.
  6566 | D:5      | Entered Level 5 of the Dungeon
  6745 | D:4      | Found a staircase to the Ecumenical Temple.
  6783 | D:5      | HP: 22/45 [centaur (5)]
  7027 | D:5      | Found Wumnyhah's Distillery.
  7091 | D:5      | Noticed a wraith
  7100 | D:5      | HP: 20/54 [wraith (13)]
  7102 | D:5      | HP: 6/54 [orc priest/divine providence (15)]
  7108 | D:5      | HP: 23/54 [wraith (8)]
  7109 | D:5      | HP: 11/54 [wraith (10)]
  7114 | D:4      | HP: 6/54 [wraith (1)]
  7117 | D:4      | Slain by a wraith

Skill      XL: |  1  2  3  4  5  6  7 |
---------------+----------------------+-----
Stealth        | 1 2 3 |  3.7
Unarmed Combat | 4 5 |  5.1
Fighting       | 2 |  2.9
Dodging        | 3 |  3.4
Transmutations | 3 4 |  4.3
Ice Magic      | 2 |  2.7
Spellcasting   | |  2.0

Action                   |  1- 3 |  4- 6 |  7- 9 || total
-------------------------+-------+-------+-------++-------
Melee: Unarmed           |    90 |   143 |    63 ||   296
       Constrict         |    20 |    28 |     5 ||    53
       Tentacles         |     8 |    26 |     4 ||    38
       Punch             |       |     3 |     4 ||     7
       Kick              |       |     1 |       ||     1
       Dagger            |       |     8 |     2 ||    10
 Cast: Beastly Appendage |     1 |     1 |       ||     2
       Sticks to Snakes  |     1 |     3 |       ||     4
       Spider Form       |     2 |     3 |     2 ||     7
       Ice Form          |       |       |     1 ||     1
  Use: Scroll            |       |     6 |     2 ||     8
       Potion            |       |     1 |     3 ||     4
 Stab: Sleeping          |     7 |    13 |     2 ||    22
       Distracted        |       |     1 |       ||     1
  Eat: Chunk             |     5 |    10 |     2 ||    17
       Ration            |       |       |     1 ||     1
Armor: Skin              |     6 |     7 |     5 ||    18
Dodge: Dodged            |    57 |    86 |    50 ||   193

Vault maps used:
D:1:      nicolae_arrival_washed_ashore, minmay_misc_feat_chi
D:2:      lemuel_round_altar
D:3:      yredelemnul_forgotten_temple_becter, minivault_14
D:4:      overflow_temple_1_default, tgw_trog, kennysheep_mini,
          minmay_temple_entry_glassed_door, first_ration, serial_shops,
          nicolae_shop_temple_entry_statues_fountains
D:5:      kennysheep_mini_moat, serial_shops, shop_coins
